[Event "ChessKid Cup Div-III 2023"]
[Site "Online"]
[Date "2023.05.23"]
[Round "4.2"]
[White "Lazavik, Denis"]
[Black "Harikrishna, Pentala"]
[Result "1/2-1/2"]
[ECO "D35"]
[WhiteElo "2544"]
[BlackElo "2704"]
[Annotator "TA"]
[PlyCount "102"]
[EventDate "2023.05.21"]
[EventType "k.o."]
[EventCountry "NET"]
[SourceTitle "playchess.com"]
[Source "ChessBase"]
[SourceQuality "1"]
[TimeControl "900+3"]

1. d4 Nf6 2. c4 e6 3. Nc3 d5 4. cxd5 exd5 5. Bg5 c6 6. e3 Bf5 7. Qf3 Bg6 8. Bxf6 Qxf6 9. Qxf6 gxf6 10. Nf3 Nd7 {[%emt 0:00:26][%cal Bb8d7,Bd7f6,Bf6e4][%mdl 32] D35: Queen's Gambit Declined: Exchange Variation.} 11. Nh4 Be7 12. Ne2 f5 {[%emt 0:00:23] White has an edge.} 13. Nf3 {[%emt 0:00:03] Nowadays more popular than 13.g3.} Bd6 {[%emt 0:00:35] [#]} 14. g3 $146 ({Predecessor:} 14. Nf4 Ke7 15. g3 a5 16. a4 Kf6 17. Bd3 Nf8 18. h4 h5 19. Ke2 Ne6 20. Rhc1 {½-½ Ibrahimli,M (2416)-Abasov,N (2643) AZE-ch Rapid 2022 (7)}) 14... Bb4+ 15. Kd1 Nf6 {[%emt 0:00:57] Strongly threatening ...Ng4.} 16. Nf4 Ne4 17. Ke2 Bd6 18. Nh4 Bxf4 19. gxf4 a5 20. f3 Nd6 21. Kf2 Ke7 22. Bd3 a4 23. Rac1 Kf6 24. Rc5 Ke6 25. Rhc1 f6 26. R5c2 Be8 27. Rg1 Bf7 28. Rg3 Rhg8 29. Bf1 Ke7 30. Bd3 Be6 31. a3 Rxg3 32. hxg3 Kd7 33. Rc1 b6 34. Ng2 h5 35. Ne1 Ra5 36. Bb1 Nc4 37. Nd3 Rb5 38. Rc2 Nxa3 39. bxa3 Rxb1 $11 {[%emt 0:00:01][%mdl 4096] Endgame KRB-KRN} 40. Nb2 $2 ({Avoid the trap} 40. Nb4 $2 Rb3 41. Ke2 Rxa3 $19) (40. Rb2 $1 $11 Rxb2+ 41. Nxb2) 40... b5 {[%emt 0:00:33] White must now prevent ...Ra1.} 41. Nd3 Kd6 42. Rc3 {[%emt 0:00:04] [#]} (42. Ke2 $17) 42... Ra1 (42... Bc8 $1 $19 43. Nb4 Bb7) 43. Nc1 (43. Nb4 $17 {is a better defense.}) 43... Bc8 $19 {[%emt 0:00:31][%cal Ob5b4] Hoping for ...b4!} 44. Nd3 Ra2+ 45. Kf1 Bd7 46. Nb4 Rb2 47. Rd3 (47. Nd3 $17 Ra2 48. Nb4) 47... Be8 ({Better is} 47... Kc7 $19 {And now ...Kb6 would win.} 48. Rd1 Rb3) 48. Rc3 $17 Bd7 (48... Rb1+ $17 49. Kf2 Rb2+ 50. Kf1 Kc7) 49. Nd3 (49. Rd3 $1 $11 {was the only way to keep the balance.}) 49... Ra2 ({Black should try} 49... Rd2 $17) 50. Ne1 $2 {[%emt 0:00:11] [#]} (50. Nb4 $11 Rb2) 50... Rb2 (50... b4 $1 $19 {[%cal Rb4c3] is more deadly.} 51. axb4 Bc8) 51. Nd3 Ra2 {[%emt 0:00:01] Weighted Error Value: White=0.26 (precise) /Black=0.21 (precise)} (51... Rb1+ $17 52. Ke2 Bc8) 1/2-1/2

[Event "ChessKid Cup Div-III 2023"]
[Site "Online"]
[Date "2023.05.24"]
[Round "5.1"]
[White "Pichot, Alan"]
[Black "Harikrishna, Pentala"]
[Result "1-0"]
[ECO "C54"]
[WhiteElo "2638"]
[BlackElo "2704"]
[Annotator "TA"]
[PlyCount "49"]
[EventDate "2023.05.21"]
[EventType "k.o."]
[EventCountry "NET"]
[SourceTitle "playchess.com"]
[Source "ChessBase"]
[SourceQuality "1"]
[TimeControl "900+3"]

1. e4 e5 2. Nf3 Nc6 3. Bc4 Bc5 4. c3 Nf6 5. d4 exd4 6. b4 {[%emt 0:00:01] C54: Giuoco Piano: 4 c3 Nf6, main lines with 5 d4 and 5 d3.} Be7 7. e5 Ne4 8. b5 {[%emt 0:00:03] Black is slightly better.} d5 $2 {[%emt 0:01:06] [#]} (8... Nxc3 $2 9. Nxc3 dxc3 10. bxc6 $18) (8... Na5 $1 $15 {keeps the upper hand.} 9. Be2 Nxc3 10. Nxc3 dxc3) 9. exd6 $1 $16 Nxd6 (9... Nxc3 $2 10. Nxc3 dxc3 11. dxe7 Qxd1+ 12. Kxd1 $18) 10. bxc6 {[%emt 0:00:10] aiming for Bd3.} Nxc4 11. cxb7 (11. cxd4 O-O 12. O-O bxc6 $17) 11... Bxb7 {[%emt 0:00:03] ...0-0 is the strong threat.} 12. Qa4+ (12. cxd4 $2 Bb4+ 13. Nbd2 Bxf3 14. Qa4+ Qd7 15. Qxd7+ Kxd7 $19) 12... Qd7 13. Qxc4 {[%emt 0:00:02] [#]} O-O $146 ({Predecessor:} 13... O-O-O 14. Bf4 Bd6 15. Bg3 Rhe8+ 16. Kd1 dxc3 17. Kc1 Bxf3 18. gxf3 Ba3+ 19. Kc2 Bb2 20. Nxc3 Re6 21. Rad1 Rc6 22. Rxd7 {1-0 Millaret Lores,F (2090)-Capellades Subirana,M (2207) Barcelona Sant Marti op 10th 2023 (6)}) 14. O-O {[%emt 0:00:30] Ne5 would be deadly.} (14. cxd4 Bd5 15. Qd3 Bb4+ 16. Nc3 Rfe8+ 17. Be3 Qc6 $14) (14. Nxd4 Qg4 15. f3 Qxg2 $17) 14... Bf6 {[%emt 0:05:26] Dodges Ne5} 15. Bf4 (15. cxd4 Bxf3 16. gxf3 Qxd4 17. Qxd4 (17. Qxc7 $2 Qxa1 18. Be3 Qxa2 $19) 17... Bxd4 $17) (15. Nxd4 $18 {Black must now prevent Bf4.} a5 16. Qc5) 15... Bd5 {[%emt 0:01:50] This pair of bishops is nice.} (15... Rad8 $14) 16. Qc5 ({Much weaker is} 16. Qxc7 $6 Qg4 17. Bg3 (17. Nxd4 $2 Qxg2#) (17. h3 Qg6 $11) 17... dxc3 18. Nxc3 Bxf3 $11) 16... c6 (16... Bxf3 {was necessary.} 17. gxf3 Rfe8) 17. Nxd4 Be7 18. Qa5 c5 19. Nf3 Qg4 20. Bg3 h5 (20... Bxf3 $142 21. gxf3 Qxf3) 21. Nbd2 $18 h4 22. h3 {[%emt 0:00:02] White is clearly winning.} Qg6 23. Bxh4 Bd6 24. Rfe1 Bf4 25. Bg3 {[%emt 0:00:21] Weighted Error Value: White=0.15 (very precise) /Black=0.47} 1-0

[Event "ChessKid Cup Div-III 2023"]
[Site "Online"]
[Date "2023.05.24"]
[Round "5.2"]
[White "Harikrishna, Pentala"]
[Black "Pichot, Alan"]
[Result "1/2-1/2"]
[ECO "D02"]
[WhiteElo "2704"]
[BlackElo "2638"]
[Annotator "TA"]
[PlyCount "96"]
[EventDate "2023.05.21"]
[EventType "k.o."]
[EventCountry "NET"]
[SourceTitle "playchess.com"]
[Source "ChessBase"]
[SourceQuality "1"]
[TimeControl "900+3"]

1. d4 Nf6 2. Nf3 d5 3. Bf4 c5 4. e3 Nc6 5. Nbd2 Nh5 6. dxc5 {[%emt 0:00:03] D02: 1 d4 d5 2 Nf3 sidelines, including 2...Nf6 3 g3 and 2...Nf6 3 Bf4.} Nxf4 7. exf4 g6 8. c3 {[%emt 0:00:08] White has an edge.} Bh6 9. g3 O-O 10. Bg2 b6 11. cxb6 Qxb6 12. O-O Ba6 13. Re1 Qxb2 {[%emt 0:00:48] [#]} 14. Qb3 $146 ({Predecessor:} 14. Qa4 Qb5 15. Qxb5 Bxb5 16. Ne5 Nxe5 17. Rxe5 Bg7 18. Rxd5 Bc6 19. Rd3 Bxg2 20. Kxg2 Rfd8 21. Rxd8+ Rxd8 22. Nf3 Bxc3 23. Rb1 Rd7 24. Kf1 Kg7 {½-½ Hobber,A (2379)-Abdumalik,Z (2496) Fagernes op 2022 (7)}) 14... Qxb3 15. axb3 Bb7 16. b4 e6 17. Nb3 {[%emt 0:00:30] Threatening b5.} (17. b5 $5 Ne7 18. Ne5 $14) 17... Rfc8 18. Nc5 Rc7 19. Nd4 Nxd4 20. cxd4 Bg7 21. Red1 Bc8 22. Bf1 Rb8 23. Ra4 Rb6 24. Kg2 Bd7 25. Ra5 Bc8 ({Don't do} 25... Rxb4 26. Na6 Rbb7 27. Nxc7 Rxc7 28. Kf3 $14) 26. b5 Rb8 27. Kf3 Bxd4 {[%emt 0:01:28][%mdl 64] Remove Defender} 28. Rxd4 Rxc5 29. Rxa7 Rc3+ 30. Kg2 $1 Kf8 31. g4 Rb7 32. Rda4 Rb6 33. Ra8 Kg7 34. g5 {[%emt 0:01:12] [#]} d4 $1 {[%emt 0:00:12] Threatens to win with ...Bb7+.} 35. Kg1 (35. f3 Bb7) 35... Rd6 36. Rc4 Bb7 37. Ra7 {[%emt 0:00:18] [#]} (37. Ra2 $1 $11) 37... Be4 (37... Bf3 $1 $17 {...Rxc4 would be deadly.} 38. Ra1 Rxc4 39. Bxc4 d3) 38. f3 $2 {[%emt 0:00:10] [#]} Bf5 $2 ({And not} 38... Bxf3 39. Kf2 $15) ({Worse is} 38... Rxf3 39. Raa4 $17) ({Better is} 38... Rxc4 $1 $19 39. Bxc4 Bc2) 39. Kf2 $11 Rxc4 40. Bxc4 {[%emt 0:00:01][%mdl 4096] Endgame Strongly threatening Ke2. KRB-KRB} d3 41. Ra1 d2 (41... Rd4 $5 42. Bb3 Rb4 $17) 42. Bb3 {[%emt 0:00:13] The position is equal.} Rd3 43. Bd1 {[%emt 0:00:01] b6 is the strong threat.} Rd5 44. Be2 Bc2 45. b6 {[%emt 0:00:02] Black must now prevent b7.} d1=Q (45... d1=B $2 46. b7 Rd8 47. Ra8 $18) 46. Bxd1 Bxd1 47. Rb1 {[%emt 0:00:04] Inhibits Bb3.} Rd8 $1 {[%emt 0:00:07] aiming for ...Ba4.} 48. b7 {[%emt 0:00:04][%cal Ob1d1] Hoping for Rxd1!} Rb8 $1 {[%emt 0:00:01] Weighted Error Value: White=0.19 (very precise) /Black=0.13 (very precise)} 1/2-1/2

[Event "ChessKid Cup Div-III 2023"]
[Site "Online"]
[Date "2023.05.26"]
[Round "6.1"]
[White "Pichot, Alan"]
[Black "Harikrishna, Pentala"]
[Result "1/2-1/2"]
[ECO "C52"]
[WhiteElo "2638"]
[BlackElo "2704"]
[Annotator "TA"]
[PlyCount "168"]
[EventDate "2023.05.21"]
[EventType "k.o."]
[EventCountry "NET"]
[SourceTitle "playchess.com"]
[Source "ChessBase"]
[SourceQuality "1"]
[TimeControl "900+3"]

1. e4 e5 2. Nf3 Nc6 3. Bc4 Bc5 4. b4 Bxb4 5. c3 Ba5 6. d4 {[%emt 0:00:05] [#]} b5 {[%emt 0:00:01] 6...d6 is a critical line. C52: Evans Gambit Accepted: 5 c3 Ba5.} 7. Bxb5 $11 {[%emt 0:00:59] Threatens to win with Bg5.} Nxd4 $1 8. Nxd4 exd4 9. Qxd4 Qf6 10. O-O Bb6 11. Qd3 Ne7 12. Nd2 {[%emt 0:00:50] Threatening Ba3.} O-O {[%emt 0:00:49] [#]} 13. Nc4 $146 (13. Nf3 $5 ) ({Predecessor:} 13. Nf3 Ng6 14. a4 Ba5 15. Ra3 h6 16. Qd5 c6 17. Bxc6 Qxc6 18. Qxa5 Re8 19. Be3 Qxe4 20. Rd1 Bb7 21. Qb4 Qe7 22. Qxe7 {½-½ Ottesen,S (2356)-Hablizel,F (2330) Champion's League 2017/C2 email [4]}) 13... c6 14. Nxb6 axb6 15. Bc4 d5 16. exd5 Nxd5 17. Bd2 Be6 18. Bb3 Nf4 19. Qe4 Bxb3 20. axb3 Rxa1 21. Rxa1 Nd5 22. Rc1 Qg6 23. Qd4 (23. Qxg6 {simplifies} hxg6 24. Ra1 Nc7 25. Kf1) 23... Qf6 24. Qe4 Qg6 25. Qxg6 hxg6 $14 {[%emt 0:00:02][%mdl 4096] Endgame KRB-KRN} 26. c4 Nc7 27. Be3 c5 28. Rd1 Ne6 29. g3 b5 30. b4 Rb8 31. bxc5 (31. cxb5 {simplifies} Rxb5 32. bxc5 Nxc5 33. Rd8+) 31... b4 (31... bxc4 $11 32. Rc1 Kf8) 32. c6 (32. h4 $16) 32... b3 $11 33. Rb1 Kf8 (33... b2 34. c7 Rc8 35. Rxb2 Rxc7 36. Rb4 $16) (33... Rb4 $1 $11) 34. Kf1 $16 Ke7 35. Ke2 Kd6 36. Kd2 g5 37. Kc3 Kxc6 38. Rxb3 Ra8 39. Rb5 Ra2 40. Kb3 (40. Bxg5 $6 Rxf2 41. Be7 Rxh2 $11) 40... Ra1 41. Rb6+ (41. Bxg5 $6 Nd4+ 42. Kb2 Rf1 $11) 41... Kc7 {[%emt 0:00:01] ...Rb1+ is the strong threat.} 42. Rb5 Kc6 $1 43. Kc3 (43. Bxg5 Nd4+ 44. Kb2 Rf1 $11) 43... Ra2 $1 44. Rf5 ({Of course not} 44. Bxg5 $6 Rxf2 45. Rd5 Rxh2 $11) 44... f6 45. Rb5 Kc7 46. Kd3 g6 47. Ke4 Ra6 48. g4 {[%emt 0:00:05] White is more active.} Kc6 49. Rb8 {[%emt 0:00:02] Black must now prevent Rg8.} Nc5+ {[%emt 0:00:06] [#]} 50. Bxc5 $1 Kxc5 {[%emt 0:00:00] KR-KR} 51. Rc8+ (51. Rg8 $142 Re6+ 52. Kd3) 51... Kd6 52. Rg8 (52. Rd8+ $16 Ke6 53. Rd2) 52... Ra2 {[%emt 0:00:05] [#]} (52... Ke6 $1 $11 {keeps the balance.}) 53. Kf3 ({Much worse is} 53. Rxg6 $6 Rxf2 54. Ke3 Rf4 $11) (53. f4 $1 $16 ) 53... Rc2 54. Rxg6 Ke5 55. Rg8 {[%emt 0:00:02] Black should prevent Rc8.} Rc3+ 56. Kg2 {[%emt 0:00:02] White wants to play Rc8.} Rxc4 57. Re8+ Kd6 58. Kg3 Rc3+ 59. Re3 Rc1 60. Kf3 Rc4 61. h3 Rc1 $1 62. Re2 Rc3+ 63. Kg2 Rc4 64. Kg3 Rc1 65. Rd2+ Ke6 66. Re2+ Kf7 67. Ra2 Rg1+ 68. Kf3 Rh1 69. Kg2 Rc1 70. Ra3 Rb1 71. Ra8 Rb3 72. Ra6 Rc3 73. Ra1 Rb3 74. Re1 Kg6 75. Re3 Rb1 76. Kf3 Rb4 77. Kg3 Rb1 78. f4 gxf4+ {[%emt 0:00:03] The position is equal.} 79. Kxf4 Rf1+ 80. Rf3 Rxf3+ $1 ({Resist} 80... Rh1 81. Rc3 $16) 81. Kxf3 {[%emt 0:00:01] White threatens h4 and mate.} f5 82. gxf5+ Kxf5 83. h4 Kg6 84. h5+ Kxh5 {[%emt 0:00:00] White really could win this.   Weighted Error Value: White=0.17 (very precise) /Black=0.11 (very precise)} 1/2-1/2

[Event "ChessKid Cup Div-III 2023"]
[Site "Online"]
[Date "2023.05.26"]
[Round "6.2"]
[White "Harikrishna, Pentala"]
[Black "Pichot, Alan"]
[Result "0-1"]
[ECO "E05"]
[WhiteElo "2704"]
[BlackElo "2638"]
[Annotator "TA"]
[PlyCount "104"]
[EventDate "2023.05.21"]
[EventType "k.o."]
[EventCountry "NET"]
[SourceTitle "playchess.com"]
[Source "ChessBase"]
[SourceQuality "1"]
[TimeControl "900+3"]

1. d4 Nf6 2. c4 e6 3. Nf3 d5 4. g3 Be7 5. Bg2 O-O 6. O-O dxc4 7. Qc2 b5 8. a4 {[%emt 0:00:01] E05: Open Catalan: 5 Nf3 Be7.} Bb7 {[%emt 0:00:03] is cutting edge theory.} 9. axb5 a6 10. bxa6 {[%emt 0:00:47] The position is equal.} (10. Qxc4 $2 axb5 11. Qxb5 Bc6 12. Rxa8 Bxb5 $19) 10... Nxa6 11. Qxc4 Bd5 12. Qd3 Nb4 13. Rxa8 Qxa8 14. Qd1 Na2 15. Nc3 Nxc3 16. bxc3 h6 17. Bf4 c5 18. Qa1 {[%emt 0:00:02] [#]} Ne4 $146 ({Predecessor:} 18... Qb7 19. Qb1 Qa6 20. Qb2 Ra8 21. dxc5 Bxc5 22. Be5 Be7 23. Re1 Nd7 24. Bd4 Be4 {½-½ Lou,Y (2490)-Li,D (2539) CHN-ch Xinghua 2022 (3)}) 19. Qxa8 Rxa8 20. Rc1 Ra2 21. c4 Ba8 22. Be3 ({Stronger than} 22. Rb1 Nc3 23. Rb8+ Kh7 $17) 22... g5 23. dxc5 ({Better is} 23. Ne5 $16) 23... Bxc5 $14 24. Bxc5 Nxc5 25. Rd1 Be4 26. Nd4 Bg6 27. f4 Kg7 28. Kf2 Bd3 29. Ke1 Kf6 (29... Bxc4 $11 {keeps the balance.} 30. Rc1 Ra4) 30. Bf3 ({White should try} 30. exd3 $16 Rxg2 31. Rd2 Rg1+ 32. Kf2) 30... Bg6 31. Nc6 Be4 32. Ne5 gxf4 33. gxf4 Kf5 34. Bxe4+ Nxe4 $11 {[%emt 0:00:03][%mdl 4096] Endgame KRN-KRN} 35. Nd3 $2 {[%emt 0:00:08] [#] White does not recover from this.} (35. Nxf7 $11 {and White has nothing to worry.} Kxf4 36. Nd6 (36. Nxh6 Ra7 $11)) 35... Nc3 $1 $19 36. Rc1 (36. e4+ {is a better defense.} Nxe4 37. h3) 36... Nxe2 ({Don't play} 36... Rxe2+ 37. Kf1 Rxh2 38. Rxc3 $18) 37. Rb1 Nd4 {[%emt 0:01:59] Prevents Rb5+} 38. Rb2 $2 (38. Kf1) 38... Rxb2 39. Nxb2 Kxf4 {[%emt 0:00:01] KN-KN} 40. h3 (40. Kf2 $142 Ke4 41. Na4) 40... Ke3 41. c5 f5 42. Nc4+ Ke4 43. Nb6 f4 44. Kf2 e5 {[%emt 0:00:03][%cal Be6e5,Be5e4,Be4e3,Be3e2][%mdl 32] [#] Threatens to win with ...Nc6.} 45. h4 Kf5 {[%emt 0:00:17] Hoping for ...Ke6.} 46. Nc4 Ke6 (46... e4 $142 47. h5 Ke6) 47. Nd6 Kd5 {[%emt 0:00:22][%cal Oe5e4] And now ...e4! would win.} 48. h5 e4 {[%emt 0:00:09] Black mates.} 49. Nf7 e3+ 50. Kf1 f3 51. c6 e2+ 52. Kf2 Nc2 {[%emt 0:00:02] Weighted Error Value: White=0.80/Black=0.21 (precise)} 0-1

[Event "ChessKid Cup Div-III 2023"]
[Site "Online"]
[Date "2023.05.26"]
[Round "6.3"]
[White "Pichot, Alan"]
[Black "Harikrishna, Pentala"]
[Result "0-1"]
[ECO "C67"]
[WhiteElo "2638"]
[BlackElo "2704"]
[Annotator "TA"]
[PlyCount "164"]
[EventDate "2023.05.21"]
[EventType "k.o."]
[EventCountry "NET"]
[SourceTitle "playchess.com"]
[Source "ChessBase"]
[SourceQuality "1"]
[TimeControl "900+3"]

1. e4 e5 2. Nf3 Nc6 3. Bb5 Nf6 4. O-O Nxe4 5. Re1 Nd6 6. Nxe5 Be7 7. Bf1 Nxe5 8. Rxe5 O-O 9. d4 Bf6 10. Re1 Re8 {[%emt 0:00:07] C67: Ruy Lopez: Berlin Defence: 4 0-0 Nxe4.} 11. c3 Rxe1 12. Qxe1 Nf5 {[%emt 0:00:04] The position is equal.} 13. Bf4 d6 14. Bd3 {[%emt 0:00:04] [#]} Nh4 $5 $146 {[%emt 0:00:50][%cal Oc8h3][%mdl 8] An interesting novelty.} ({Predecessor:} 14... Be6 15. Nd2 Bg5 16. Qe4 d5 17. Qe5 Bxf4 18. Qxf4 Qd6 19. Qf3 g6 20. Re1 Ng7 {½-½ Anand,V (2773)-Radjabov,T (2757) Tata Steel-A 81st 2019 (4)}) 15. Nd2 Ng6 16. Bg3 Be6 17. Bc4 Bxc4 18. Nxc4 Qd7 19. Qd2 b5 20. Ne3 Bg5 21. Qd3 Re8 22. Rf1 Bxe3 23. fxe3 d5 24. a4 a6 25. axb5 axb5 26. Re1 Re4 27. Ra1 c6 28. Ra8+ Re8 (28... Nf8 {feels hotter.} 29. Kf2 h6 30. Be5 f6) 29. Rxe8+ Qxe8 $15 {[%emt 0:00:03][%mdl 4096] Endgame KQB-KQN} 30. Kf2 Qe6 {[%emt 0:00:54] Prevents Qf5.} 31. Qb1 h5 32. h3 Nf8 33. Qa1 Nd7 34. Qa8+ (34. Bh4 $15) 34... Kh7 $17 35. Qc8 Qf6+ $1 36. Kg1 Nb6 37. Qe8 Na4 38. e4 Qe6 39. Qxe6 fxe6 {[%emt 0:00:02] KB-KN} 40. Kf2 Nxb2 41. Kf3 Kg6 42. Kf4 Nc4 43. Be1 Kf7 44. Bh4 Nd6 45. exd5 exd5 46. Ke5 (46. Bd8 $17) 46... Nc4+ $2 (46... Ne4 $19 47. Be1 h4) 47. Kf4 g6 48. Bf2 $2 (48. g4 $17) 48... Nd6 $2 (48... Nd2 $19 49. Be1 Ne4) 49. Ke5 $2 (49. Be1 $17) 49... Ne4 $19 50. Be1 Ke7 51. Kf4 Kf6 52. h4 $2 (52. Kf3) 52... Ke6 53. g3 Kf6 54. g4 Ke6 55. Kf3 Nf6 56. gxh5 (56. g5 $142 Ne4 57. Kf4) 56... gxh5 57. Kf4 Ne4 58. Ke3 Kf5 59. Kf3 Nd6 {[%emt 0:00:26] Threatens to win with ...Ne4.} 60. Bd2 Nc4 $2 (60... Ke6 $19 {is more deadly.} 61. Be1 Kf6) 61. Bc1 Nb6 {[%emt 0:00:05] Hoping for ...Kg6.} 62. Bd2 $2 (62. Ba3 $17) 62... Nd7 $2 (62... Na4 63. Be1 Nb6) 63. Bg5 $2 (63. Be3) 63... Nf8 $2 (63... c5 $1 $19 {[%cal Rc5d4] And now ...cxd4 would win.} 64. dxc5 Nxc5) 64. Bd2 $2 (64. Bd8 $17 {keeps fighting.}) 64... Ne6 65. Be3 Nd8 (65... Kg6 $1 $19 {[%cal Rg6f5] Strongly threatening ...Kf5.} 66. Bf2 Kf5) 66. Bd2 $2 (66. Bh6 $17 {is more resistant.}) 66... Nb7 $1 67. Bf4 $2 {[%emt 0:00:02][%mdl 8192] [#]} (67. Be3 $17 {nothing else works.}) 67... Na5 $2 (67... c5 $1 $19 {[%cal Rc5d4] ...cxd4 is the strong threat.} 68. dxc5 Nxc5) 68. Bd2 Nc4 (68... Nb3 $5 69. Be3 Kf6 $17) 69. Bc1 $1 Kf6 70. Bg5+ Ke6 71. Bc1 $2 (71. Kf4 $17) 71... Kf5 $2 (71... Nd6 $19 {has better winning chances.} 72. Kf4 Ne4) 72. Bf4 $17 Nb6 $2 (72... Na3 $17 73. Bd6 Nc2) 73. Bd2 $1 $19 Nd7 74. Bg5 {[%emt 0:00:03] [#]} c5 $1 75. dxc5 Nxc5 {[%emt 0:00:01] White must now prevent ...Ne4.} 76. Bd8 Ne4 (76... Na6 $142 {...Nb8 would be deadly.} 77. Ke3 Nb8) 77. Ke3 $2 (77. Ba5) 77... Nxc3 {[%emt 0:00:17] ( -> ...b4)} 78. Kd4 b4 {[%emt 0:00:01][%cal Bb5b4,Bb4b3,Bb3b2][%mdl 32] Black mates.} 79. Be7 Nb5+ 80. Kd3 b3 81. Bc5 b2 82. Kc2 {[%emt 0:00:02] [#]} Nc3 $1 {[%emt 0:00:00][%mdl 576] Promotion.   Weighted Error Value: White=0.38/Black=0.27 (precise)} 0-1

[Event "ChessKid Cup Div-III 2023"]
[Site "Online"]
[Date "2023.05.26"]
[Round "6.5"]
[White "Harikrishna, Pentala"]
[Black "Pichot, Alan"]
[Result "0-1"]
[ECO "E14"]
[WhiteElo "2704"]
[BlackElo "2638"]
[Annotator "TA"]
[PlyCount "114"]
[EventDate "2023.05.21"]
[EventType "k.o."]
[EventCountry "NET"]
[SourceTitle "playchess.com"]
[Source "ChessBase"]
[SourceQuality "1"]
[TimeControl "900+3"]

1. Nf3 Nf6 2. c4 e6 3. e3 d5 4. b3 b6 5. Bb2 Bd6 6. d4 O-O 7. Bd3 Bb7 8. O-O Nbd7 {[%emt 0:00:04] E14: Queen's Indian: Classical Variation (4 e3).} 9. cxd5 exd5 10. Ba3 c5 11. Nc3 a6 {[%emt 0:00:07] [#]} 12. Rc1 $146 ({Predecessor:} 12. Bf5 b5 13. dxc5 Nxc5 14. Rc1 g6 15. Ne2 Nfe4 16. Bxe4 dxe4 17. Bxc5 exf3 18. Qxd6 fxe2 {½-½ Shaposhnikov,E (2572)-Ponkratov,P (2622) RUS-ch Higher League 71st 2018 (7)}) 12... Qe7 13. Bf5 Rfd8 14. Na4 {[%emt 0:00:38][%cal Oa4b6] [#]} c4 $1 15. Bxd6 Qxd6 16. Nc3 (16. Bxd7 $11 Nxd7 17. Ne5 (17. bxc4 dxc4 18. Nc3 b5 $17)) 16... b5 $1 $17 17. bxc4 dxc4 18. e4 Qf4 19. g3 Qh6 (19... Qc7 $15 {is superior.}) 20. a3 $2 {[%emt 0:01:30][%mdl 8192] [#]} (20. d5 $11 {and White is okay.}) 20... Nc5 $1 $19 {[%emt 0:00:19][%mdl 576] Pin} 21. d5 (21. Ne5 Ncxe4) 21... Nd3 22. Rb1 (22. Qd2 $142 Qh5 23. Nh4) 22... g6 23. Nh4 gxf5 24. Nxf5 Qh5 (24... Qh3 $2 25. f3 Bc8 26. Ne7+ Kh8 27. Qd2 $19) 25. f3 Bc8 ({Not} 25... Nxd5 26. Nxd5 Bxd5 27. Qd2 $17 (27. Ne7+ Kh8 $17)) 26. Ne7+ Kf8 27. Nc6 {[%emt 0:00:11] [#]} Bh3 $1 28. Qd2 (28. Nxd8 Bxf1) 28... Bxf1 29. Rxf1 {[%emt 0:00:04] [#]} Ne5 30. g4 {[%emt 0:00:32] [#]} Nfxg4 31. Nxd8 Nf6 $2 (31... Rxd8 $19 32. fxg4 Qh3) 32. Qf4 $11 Rxd8 33. Qxf6 Qg6+ 34. Qxg6 hxg6 {[%emt 0:00:03][%mdl 4096] Endgame KRN-KRN} 35. Kf2 Ke7 {[%emt 0:00:04] White should prevent ...Rh8.} 36. h4 Rh8 37. Kg3 (37. Rh1 $1 $11) 37... Kd6 $17 {[%emt 0:00:03] aiming for ...Kc5.} 38. f4 Nd3 {[%emt 0:00:04] And now ...Kc5 would win.} 39. e5+ Kc5 $1 {[%emt 0:00:04] White must now prevent ...Kd4.} 40. d6 Kd4 {[%emt 0:00:07] Inhibits Ne4.} 41. Ne2+ Kc5 {[%emt 0:00:06] Black is more active.} (41... Ke3 $15 42. Nc3 Kd4 43. Ne2+ Ke3) 42. Rd1 {[%emt 0:00:21] [#]} (42. Nc3 $11) 42... a5 $1 43. Nc3 $2 (43. Rh1 $17) 43... b4 $19 44. axb4+ (44. Ne4+ Kc6 45. Nd2) 44... axb4 45. Ne4+ Kc6 46. Ng5 $2 (46. Ra1) 46... Rf8 47. Nf3 Kc5 {[%emt 0:00:08] Inhibits Nd4.} 48. h5 $2 (48. Nd2) 48... gxh5 49. f5 b3 50. d7 Rg8+ 51. Kh4 (51. Kh2 $142 b2 52. e6 fxe6 53. fxe6) 51... b2 {[%emt 0:00:05][%cal Oc4c3] ...c3! would be deadly.} 52. e6 fxe6 53. fxe6 Kd6 54. Nd4 c3 55. Nb5+ $2 (55. Rg1 Rd8 56. Rb1) 55... Kxe6 56. Nxc3 {[%emt 0:00:04] [#]} Rg4+ $2 ({Black should try} 56... Nf4 $1 $19 57. Rd6+ {[%mdl 64] Decoy} Kxd6 58. d8=Q+ Rxd8 59. Kg3 Ne2+ {[%mdl 64] Deflection, Promotion} 60. Nxe2 b1=Q 61. Kg2 Qf5 62. Kg3 Rg8+ 63. Kh2 Qf2+ 64. Kh3 Qf3+ 65. Kh4 Qh1#) 57. Kxh5 $11 Rd4 {[%emt 0:00:03][%mdl 32768] Ingenious play by Pichot!   Weighted Error Value: White=0.70/Black=0.55. Loss on time!?} 0-1